 Dungeon Crawl Stone Soup version 0.17.1-3-g152610e (webtiles) character file.

1 Arkorax the Conjurer (level 1, 0/7 HPs)
             Began as a Felid Conjurer on Apr 4, 2016.
             Was an Initiate of Ashenzari.
             Slain by an adder (2 damage)
             ... on level 4 of the Dungeon.
             The game lasted 00:02:02 (381 turns).

Arkorax the Conjurer (Felid Conjurer)                Turns: 381, Time: 00:02:03

Health: 0/7        AC:  1    Str:  4    XL:     1   Next: 16%
Magic:  2/4        EV: 18    Int: 16    God:    Ashenzari [......]
Gold:   0          SH:  0    Dex: 16    Spells: 1 memorised, 3 levels left
                                        Lives:  0   Deaths: 0

rFire  . . .     SeeInvis +     (weapon unavailable)
rCold  . . .     Clarity  .     (armour unavailable)
rNeg   . . .     SustAt   .     (shield unavailable)
rPois  .         Gourm    .     (helmet unavailable)
rElec  .         Spirit   .     (cloak unavailable)
rCorr  .         Warding  .     (gloves unavailable)
rMut   .         Stasis   .     (boots unavailable)
MR     .....                    (no amulet)
Stlth  +++.......               (no ring)
                                (no ring)

@: quick, not resistant to hostile enchantments, fairly stealthy
A: no armour, no weapons or thrown items, claws 1, fangs 3, see invisible,
carnivore 3, speed 1, shaggy fur 1, slow metabolism 1, sharp paws
a: Renounce Religion


You were on level 4 of the Dungeon.
You worshipped Ashenzari.
Ashenzari was noncommittal.
You were not hungry.

You visited 1 branch of the dungeon, and saw 4 of its levels.

Inventory:

Potions
 d - a potion of magic {unknown}
Books
 a - a book of Conjurations

   Spells                             Type                      Level
   a - Magic Dart                     Conjuration                  1
   b - Searing Ray                    Conjuration                  2
   c - Dazzling Spray                 Conjuration/Hexes            3
   d - Fulminant Prism                Conjuration/Hexes            4
   e - Iskenderun's Mystic Blast      Conjuration                  4
   f - Iskenderun's Battlesphere      Conjuration/Charms           5
Comestibles
 b - a meat ration


   Skills:
 + Level 2.6 Dodging
 + Level 2.9 Stealth
 - Level 2.0 Spellcasting
 - Level 3.6 Conjurations


You had 3 spell levels left.
You knew the following spells:

 Your Spells              Type           Power        Failure   Level  Hunger
a - Magic Dart            Conj           ##..         6%          1    #......


Dungeon Overview and Level Annotations

Branches:
Dungeon (4/15)
 Temple: D:4-7

Altars:
Ashenzari


Innate Abilities, Weirdness & Mutations

You cannot wear armour.
You are incapable of wielding weapons or throwing items.
You have sharp claws.
You have razor-sharp teeth.
You have supernaturally acute eyesight.
You are carnivorous and can eat meat at any time.
You cover ground quickly.
You are covered in fur (AC +1).
You have a slow metabolism.
Your sharp claws are effective at attacking unaware monsters.


Message History

Aiming: Magic Dart
Press: ? - help, Shift-Dir - straight line, f - hound skeleton
Aim: a hound skeleton The magic dart hits the hound skeleton.
The ball python closely misses you. The ball python misses you.
The adder barely misses you. The hound skeleton barely misses you.
The giant cockroach bites you.
The ball python bites you but does no damage.
The ball python closely misses you.
Casting: Magic Dart
Confirm with . or Enter, or press ? or * to list all spells.
Aiming: Magic Dart
Press: ? - help, Shift-Dir - straight line, f/p - hound skeleton
Aim: a hound skeleton The magic dart hits the hound skeleton.
The adder bites you.
Ouch! That really hurt!
* * * LOW HITPOINT WARNING * * *
The hound skeleton closely misses you. The giant cockroach closely misses you.
The ball python closely misses you. x2
The adder bites you.
You die...

♣♣♣♣♣ # ♣♣...♣♣
##. ♣♣.....♣♣
#...♣♣S.O....♣♣..
#...Z@ss.<.......
#...♣♣S......♣♣..
##. ♣♣.....♣♣ #
♣♣...♣♣ ♣♣♣♣♣


You could see an ogre, a scorpion, an adder, a giant cockroach, a ball python
and a hound skeleton.

Vanquished Creatures
  A bat (D:1)
  A giant newt (D:1)
2 creatures vanquished.

Notes
Turn   | Place    | Note
--------------------------------------------------------------
     0 | D:1      | Arkorax the Felid Conjurer began the quest for the Orb.
     0 | D:1      | Reached XP level 1. HP: 7/7 MP: 4/4
   340 | D:2      | You fall through a shaft!
   340 | D:3      | Found a shattered altar of Ashenzari.
   343 | D:3      | Became a worshipper of Ashenzari the Shackled
   374 | D:4      | Noticed an ogre
   374 | D:4      | Noticed a scorpion
   381 | D:4      | Slain by an adder

Action                   || total
-------------------------++-------
Melee: Unarmed           ||     1
 Cast: Magic Dart        ||     7
  Use: Potion            ||     1
